 Dungeon Crawl Stone Soup version 0.27-a0-1278-g6cbc8dfb29 (webtiles) character file.

Game seed: 15182809698514452915

775 Zonian the Conjurer (level 7, 0/56 HPs)
             Began as a Black Draconian Conjurer on June 13, 2021.
             Was an Initiate of Dithmenos.
             Slain by Edmund (5 damage)
             ... on level 4 of the Dungeon.
             The game lasted 00:11:38 (7872 turns).

Zonian the Conjurer (Black Draconian Conjurer)      Turns: 7872, Time: 00:11:39

Health: 0/56       AC:  6    Str:  9    XL:     7   Next: 54%
Magic:  12/21      EV: 13    Int: 20    God:    Dithmenos [......]
Gold:   204        SH:  0    Dex: 16    Spells: 10/13 levels left

rFire    . . .     SeeInvis .   m - +0 short sword (drain)
rCold    . . .     Faith    .   (no shield)
rNeg     . . .     Spirit   .   (armour unavailable)
rPois    .         Reflect  .   (helmet restricted)
rElec    +         Harm     .   (no cloak)
rCorr    .         Rampage  .   (no gloves)
Will     .....                  (no boots)
Stlth    ++........             (no amulet)
HPRegen  0.18/turn              j - +6 ring of dexterity
MPRegen  0.17/turn              q - ring of magical power

@: short of breath, hasted, very quick
A: breathe lightning, AC +6, unfitting armour, electricity resistance,
cold-blooded
a: Breathe Lightning, Renounce Religion


You were on level 4 of the Dungeon.
You worshipped Dithmenos.
Dithmenos was noncommittal.
You visited 2 branches of the dungeon, and saw 5 of its levels.

You collected 204 gold pieces.

Inventory:

Hand Weapons
 b - a +0 long sword
 e - a +0 hunting sling
 k - a +0 short sword
 m - a +0 short sword of draining (weapon)
 t - a +2 dagger of draining
Missiles
 i - 7 poisoned darts
 o - 52 sling bullets
Jewellery
 j - a +6 ring of dexterity (left hand)
 n - a ring of willpower
 q - a ring of magical power (right hand)
 r - a ring of see invisible
Wands
 l - a wand of flame (7)
 s - a wand of iceblast (7)
Scrolls
 g - a scroll of magic mapping
Potions
 a - a potion of flight
 d - 3 potions of resistance
 f - a potion of lignification
 h - a potion of cancellation
 p - 2 potions of degeneration {unknown}
 u - a potion of attraction {unknown}


   Skills:
 + Level 2.5 Fighting
 + Level 2.6 Short Blades
 + Level 3.2 Dodging
 + Level 3.4 Stealth
 + Level 3.7 Spellcasting
 + Level 6.1 Conjurations
 + Level 1.7 Invocations


You had 10 spell levels left.
You knew the following spells:

 Your Spells              Type           Power      Damage    Failure   Level
a - Magic Dart            Conj           100%       1d8       1%          1
b - Searing Ray           Conj           56%        3d5       1%          2

Your spell library contained the following spells:

 Spells                   Type           Power      Damage    Failure   Level
 Dazzling Flash           Conj/Hex       30%        N/A       12%         3
 Stone Arrow              Conj/Erth      30%        3d8       12%         3
 Sandblast                Erth           6%         2d5       13%         1
 Summon Small Mammal      Summ           12%        N/A       13%         1
 Call Imp                 Summ           3%         N/A       21%         2
 Passwall                 Tmut/Erth      2%         N/A       21%         2
 Call Canine Familiar     Summ           3%         N/A       36%         3
 Summon Guardian Golem    Hex/Summ       3%         N/A       36%         3
 Fulminant Prism          Conj/Hex       7%         3d7       36%         4
 Iskenderun's Mystic Bla  Conj/Tloc      15%        2d5       36%         4
 Petrify                  Tmut/Erth      3%         N/A       78%         4
 Summon Ice Beast         Ice/Summ       3%         N/A       78%         4
 Summon Lightning Spire   Summ/Air       3%         N/A       78%         4
 Lee's Rapid Deconstruct  Erth           1%         3d5*      98%         5


Dungeon Overview and Level Annotations

Branches:
Dungeon (4/15)             Temple (1/1) D:4

Altars:
Ashenzari
Cheibriados
Dithmenos
Elyvilon
Fedhas
Gozag
Hepliaklqana
Kikubaaqudgha
Makhleb
Nemelex Xobeh
Okawaru
Qazlal
Ru
Sif Muna
Trog
Uskayaw
Vehumet
Wu Jian
Xom
Yredelemnul
Zin
The Shining One

Shops:
D:3 :

Annotations:
D:2 Robin
D:4 Edmund


Innate Abilities, Weirdness & Mutations

You can breathe wild blasts of lightning.
Your glossy black scales are hard. (AC +6)
You cannot fit into any form of body armour.
You are resistant to electric shocks. (rElec)
You are cold-blooded and may be slowed by cold attacks.


Message History

The adder hisses angrily.
The searing ray hits Edmund!
Edmund is moderately wounded.
Edmund misses you.
Unknown command.
The searing ray misses Edmund.
Edmund closely misses you.
Unknown command.
The searing ray hits Edmund.
Edmund is moderately wounded.
You finish channeling your searing ray.
Edmund hits you with a +4 flail of protection! x2
Unknown command.
You breathe a wild blast of lightning!
The zap hits Edmund.
Edmund is heavily wounded.
The orb of electricity explodes!
The orb of electricity engulfs you! You resist.
* * * LOW HITPOINT WARNING * * *
The orb of electricity engulfs Edmund!
Edmund is severely wounded.
The zap misses you.
The zap misses the adder.
The zap hits Edmund but does no damage.
Edmund is severely wounded.
Edmund hits you with a +4 flail of protection!
* * * LOW HITPOINT WARNING * * *
Unknown command.
Okay, then.
Okay, then.
Okay, then.
Okay, then.
Casting: Searing Ray (safe; 1% risk of failure)
Confirm with . or Enter, or press ? or * to list all spells.
Okay, then.
Okay, then.
Okay, then.
Okay, then.
Okay, then.
Unknown command.
You feel yourself speed up. Edmund barely misses you.
Edmund hits you with a +4 flail of protection.
You die...

.@'........#######.#####
#......)......##......
#.............##......
###.............##......
.......#........##......
.......#.#'#######......
.......#.#.# #.'......
......@#.#.# #.#......
......S@.#.# #.#<.....
'#...#####.#####.####..#
#... #)).........#.#
#######.###.#.#
#.....#.# #######..
######### ##.
......^.######.
#.#......


You could see Edmund (berserk) and an adder.

Vanquished Creatures
  Pikel (D:4)
  An ogre (D:4)
  A lemure (D:4)
  A hound (D:4)
  A jelly (D:3)
  An orc priest (D:3)
  Ijyb (D:2)
  An iguana (D:4)
  An orc wizard (D:3)
  3 adders
  2 worms
  3 dart slugs
  6 orcs
  2 ball pythons
  3 endoplasms
  2 giant cockroaches (D:3)
  16 goblins
  6 hobgoblins
  2 jackals (D:3)
  9 kobolds
  2 quokkas
  7 bats
  A frilled lizard (D:3)
  6 rats
79 creatures vanquished.

Notes
Turn   | Place    | Note
-------+----------+-------------------------------------------
     0 | D:1      | Zonian the Draconian Conjurer began the quest for the Orb.
     0 | D:1      | Reached XP level 1. HP: 14/14 MP: 3/3
   226 | D:1      | Reached XP level 2. HP: 20/20 MP: 0/5
   285 | D:1      | Learned a level 2 spell: Searing Ray
  1287 | D:2      | Reached XP level 3. HP: 26/26 MP: 1/6
  2519 | D:2      | Found a faded altar of an unknown god.
  2548 | D:2      | Reached skill level 5 in Conjurations
  2839 | D:2      | Noticed Ijyb
  3601 | D:2      | Noticed Robin
  3856 | D:2      | Found a glowing silver altar of Zin.
  4262 | D:2      | Killed Ijyb
  4263 | D:2      | Reached XP level 4. HP: 28/33 MP: 0/7
  5579 | D:3      | Reached XP level 5. HP: 39/39 MP: 3/8
  5882 | D:3      | Found Iruigyuxir's Book Shoppe.
  5925 | D:3      | Reached skill level 1 in Short Blades
  6087 | D:3      | Found an iron altar of Okawaru.
  6806 | D:4      | Noticed an ogre
  6812 | D:4      | Killed an ogre
  6813 | D:4      | Reached skill level 1 in Fighting
  6813 | D:4      | Reached XP level 6. HP: 47/47 MP: 10/10
  7019 | D:4      | Noticed Pikel
  7292 | D:4      | Found a staircase to the Ecumenical Temple.
  7301 | Temple   | Entered the Ecumenical Temple
  7377 | Temple   | Became a worshipper of Dithmenos the Shadowed
  7541 | D:4      | Noticed Edmund
  7604 | D:4      | Killed Pikel
  7605 | D:4      | Reached skill level 6 in Conjurations
  7605 | D:4      | Reached skill level 1 in Invocations
  7605 | D:4      | Your scales start taking on a glossy black colour.
  7605 | D:4      | Reached XP level 7. HP: 14/56 MP: 11/12
  7605 | D:4      | Gained mutation: You are resistant to electric shocks.
                  | (rElec) [Black Draconian growth]
  7872 | D:4      | Slain by Edmund

Illustrated notes

Levels and vault maps discovered:
D:1:      dpeg_arrival_shrine, layout_rooms
D:2:      kennysheep_the_goblin_king, layout_loops_corners, basic_altar,
          chequers_ecumenical_altar_simple, minmay_increasing_density,
          uniq_robin
D:3:      layout_loops_ring, lemuel_doored_altar, serial_glass, glass_columns_a,
          glass_columns_b, serial_shops, shop
D:4:      layout_basic, minmay_temple_entry_butterflies, uniq_edmund, uniq_pikel
Temple:   grunt_wide_crystal_templ

Skill      XL: |  1  2  3  4  5  6 |
---------------+-------------------+-----
Dodging        | 2 3 |  3.2
Conjurations   | 5 6 |  6.1
Stealth        | 2 3 |  3.4
Short Blades   | 1 2 |  2.6
Fighting       | 1 2 |  2.5
Spellcasting   | 3 |  3.7
Invocations    | 1 |  1.7

Action                   |  1- 3 |  4- 6 |  7- 9 || total
-------------------------+-------+-------+-------++-------
Melee: Unarmed           |     3 |       |       ||     3
       Short sword       |    43 |    35 |       ||    78
       Tailslap          |     5 |     3 |       ||     8
 Cast: Magic Dart        |    75 |    71 |       ||   146
       Searing Ray       |     3 |     6 |     2 ||    11
 Abil: Breathe Lightning |       |       |     1 ||     1
  Use: Scroll            |    12 |       |       ||    12
       Potion            |     1 |       |     1 ||     2
 Stab: Distracted        |     1 |       |       ||     1
Armor: Skin              |     6 |    16 |       ||    22
Dodge: Dodged            |    38 |    17 |     4 ||    59

Table legend: (Time is in decaauts)
 A = Elapsed time spent in this place.
 B = Non-inter-level travel time spent in this place.
 C = Inter-level travel time spent in this place.
 D = Time resting spent in this place.
 E = Time spent auto-exploring this place.
 F = Levels seen in this place.
 G = Mean time per level.
                   A        B        C        D        E       F      G
               +--------+--------+--------+--------+--------+-----+--------+
         Total |   7878 |   7762 |    116 |   4504 |   2469 |   5 | 1575.6 |
       Dungeon |   7794 |   7686 |    108 |   4504 |   2414 |   4 | 1948.5 |
        Temple |     84 |     76 |      8 |      0 |     55 |   1 |   84.0 |
               +--------+--------+--------+--------+--------+-----+--------+

Top non-repeatable levels by time:
     D:2: 3298 daAuts
     D:3: 2088 daAuts
     D:1: 1300 daAuts
     D:4: 1107 daAuts
  Temple: 84 daAuts
